 Dungeon Crawl Stone Soup version 0.18-a0-1551-g40744a8 (webtiles) character file.

92 mopl the Sneak (level 4, -3/21 HPs)
             Began as a Spriggan Arcane Marksman on Mar 11, 2016.
             Slain by Sigmund
             ... wielding a +0 scythe
              (8 damage)
             ... on level 3 of the Dungeon.
             The game lasted 00:05:11 (2817 turns).

mopl the Sneak (Spriggan Arcane Marksman)           Turns: 2817, Time: 00:05:11

Health: -3/21      AC:  2    Str:  7    XL:     4   Next: 35%
Magic:  7/7        EV: 18    Int: 14    God:
Gold:   98         SH:  0    Dex: 16    Spells: 1 memorised, 4 levels left

rFire  . . .     SeeInvis +     a - +0 short sword
rCold  . . .     Gourm    .     n - +0 robe
rNeg   . . .     Faith    .     (shield restricted)
rPois  +         Spirit   .     (helmet restricted)
rElec  .         Dismiss  .     (no cloak)
rCorr  .         Reflect  .     (gloves unavailable)
SustAt .         Harm     .     (boots unavailable)
MR     .....                    (no amulet)
Stlth  +.........               (no ring)
                                g - ring of poison resistance

@: confused, very quick, not resistant to hostile enchantments, very unstealthy
A: unfitting armour, see invisible, herbivore 3, speed 3, slow metabolism 2
a: no special abilities


You were on level 3 of the Dungeon.
You were not hungry.

You visited 1 branch of the dungeon, and saw 3 of its levels.

You collected 98 gold pieces.

Inventory:

Hand Weapons
 a - a +0 short sword (weapon)
 b - a +0 spear
Missiles
 c - 7 tomahawks (quivered)
Armour
 n - a +0 robe (worn)
Jewellery
 g - a ring of poison resistance (left hand)
Scrolls
 e - 2 scrolls of identify
 i - a scroll of teleportation {unknown}
 k - a scroll of remove curse {unknown}
 m - a scroll of amnesia {unknown}
 o - 3 scrolls of magic mapping {unknown}
Potions
 h - a potion of heal wounds
 p - a potion of magic
 q - a potion of curing {unknown}
Books
 l - a book of Debilitation

   Spells                             Type                      Level
   a - Corona                         Hexes                        1
   b - Slow                           Hexes                        2
   c - Gell's Gravitas                Hexes/Translocation          3
   d - Inner Flame                    Hexes/Fire                   3
   e - Cause Fear                     Hexes                        4
   f - Leda's Liquefaction            Hexes/Earth                  4
Comestibles
 f - 2 bread rations
 j - 7 fruits


   Skills:
 - Level 0.7 Fighting
 + Level 1.3 Short Blades
 - Level 2.4 Throwing
 - Level 3.0 Dodging
 * Level 5.5 Stealth
 - Level 1.3 Spellcasting
 - Level 3.6 Hexes


You had 4 spell levels left.
You knew the following spells:

 Your Spells              Type           Power        Failure   Level  Hunger
a - Corona                Hex            ##.....      10%         1    ##.....


Dungeon Overview and Level Annotations

Branches:
Dungeon (3/15)

Altars:

Annotations:
D:1 fly
D:3 Sigmund


Innate Abilities, Weirdness & Mutations

You are tiny and cannot use many weapons and most armour.
You have supernaturally acute eyesight.
You are a herbivore.
You cover ground extremely quickly.
You need consume almost no food.


Message History

Sigmund is almost dead.
Sigmund struggles against the net.
You hit Sigmund but do no damage.
Sigmund is almost dead.
Sigmund casts a spell at you.
You are confused.
Sigmund struggles against the net.
You hit Sigmund but do no damage.
Sigmund is almost dead.
You hit Sigmund.
Sigmund is almost dead.
Sigmund struggles against the net.
You barely miss Sigmund.
Sigmund is almost dead.
You're too confused to move!
Sigmund struggles against the net.
The net rips apart, and Sigmund comes free!
You hit Sigmund but do no damage.
Sigmund is almost dead.
Sigmund hits you with a scythe!
You die...

.## #..
..# # #
#..# #.#.
...# .....
##.?.#
#...#...#
#.#..<#.#
#.....@@#
#...######
#.. #. #


You could see Sigmund.

Vanquished Creatures
  2 adders (D:2)
  An ooze (D:1)
  2 dart slugs
  4 giant geckos
  9 bats
  2 giant cockroaches
  8 goblins
  3 hobgoblins
  9 jackals
  5 kobolds
  A giant newt (D:2)
  10 rats
56 creatures vanquished.

Notes
Turn   | Place    | Note
--------------------------------------------------------------
     0 | D:1      | mopl the Spriggan Arcane Marksman began the quest for the Orb.
     0 | D:1      | Reached XP level 1. HP: 9/9 MP: 3/3
   119 | D:1      | Reached skill level 1 in Stealth
   351 | D:1      | Reached skill level 2 in Stealth
   577 | D:1      | Reached XP level 2. HP: 14/14 MP: 5/5
   741 | D:1      | Reached skill level 3 in Stealth
   894 | D:1      | Reached XP level 3. HP: 14/17 MP: 6/6
   947 | D:1      | Reached skill level 4 in Stealth
  2048 | D:2      | Reached skill level 5 in Stealth
  2518 | D:2      | Reached XP level 4. HP: 19/21 MP: 7/7
  2711 | D:2      | Reached skill level 1 in Short Blades
  2802 | D:3      | Noticed Sigmund
  2817 | D:3      | Slain by Sigmund

Vault maps used:
D:1:      lemuel_arrival_lava_pool
D:2:      serial_bayou, serial_bayou_ford_a, serial_bayou_pond_b,
          serial_bayou_crossing, serial_bayou_shore_a, kennysheep_generic_room_7
D:3:      lemuel_coloured_pillars_altar, grunt_dithmenos_smoke_and_mirrors,
          overflow_temple_1_default, uniq_sigmund

Skill      XL: |  1  2  3  4 |
---------------+-------------+-----
Stealth        | 2 3 5 |  5.5
Short Blades   | 1 |  1.3
Fighting       | |  0.7
Throwing       | |  2.4
Dodging        | |  3.0
Spellcasting   | |  1.3
Hexes          | |  3.6

Action                   |  1- 3 |  4- 6 || total
-------------------------+-------+-------++-------
Melee: Club              |    40 |       ||    40
       Unarmed           |     2 |       ||     2
       Spear             |   139 |       ||   139
       Short sword       |    43 |    39 ||    82
Throw: Tomahawk          |    26 |       ||    26
       Throwing net      |     3 |     2 ||     5
  Use: Scroll            |       |     2 ||     2
 Stab: Sleeping          |     6 |     5 ||    11
       Distracted        |     1 |       ||     1
       Held in net/web   |     1 |     1 ||     2
